 Dungeon Crawl Stone Soup version 0.29-a0-350-g7790a0e70a (webtiles) character file.

Game seed: 3828172329291213458

83 Antichthon the Chopper (level 4, -1/39 HPs)
             Began as a Naga Warper on Apr 22, 2022.
             Killed from afar by an orc wizard (3 damage)
             ... with a magic dart
             ... on level 4 of the Dungeon.
             The game lasted 00:02:51 (3626 turns).

Antichthon the Chopper (Naga Warper)                Turns: 3626, Time: 00:02:52

Health: -1/39      AC:  2    Str: 14    XL:     4   Next: 44%
Magic:  7/7        EV:  9    Int: 13    God:
Gold:   184        SH:  0    Dex: 12    Spells: 2/7 levels left

rFire   . . .      SeeInvis +   a - +0 hand axe
rCold   . . .      Faith    .   (no shield)
rNeg    . . .      Spirit   .   b - +0 leather armour
rPois   +          Reflect  .   (no helmet)
rElec   .          Harm     .   (no cloak)
rCorr   .          Rampage  .   (no gloves)
Will    .....                   (no barding)
Stlth   +.........              (no amulet)
HPRegen 0.13/turn               (no ring)
MPRegen 0.10/turn               (no ring)

@: confused, very slow
A: AC +1, large, see invisible, deformed body, poison resistance, slowness 2,
spit poison 1, naga tail 1
a: Spit Poison


You were on level 4 of the Dungeon.
You visited 1 branch of the dungeon, and saw 4 of its levels.

You collected 184 gold pieces.

Inventory:

Hand Weapons
 a - a +0 hand axe (weapon)
Missiles
 d - 7 boomerangs of dispersal (quivered)
Armour
 b - a +0 leather armour (worn)
Jewellery
 e - a +6 ring of dexterity
Scrolls
 c - a scroll of blinking
 h - a scroll of magic mapping {unknown}
 j - a scroll of fear {unknown}
 k - a scroll of enchant weapon {unknown}
 m - 2 scrolls of identify {unknown}
 n - a scroll of teleportation {unknown}
 o - 2 scrolls of noise {unknown}
 q - a scroll of amnesia {unknown}
Potions
 f - 3 potions of heal wounds
 g - 5 potions of curing {unknown}
 i - a potion of invisibility {unknown}
 l - a potion of lignification {unknown}
 p - 2 potions of attraction {unknown}
 r - a potion of degeneration {unknown}
 s - a potion of berserk rage {unknown}


   Skills:
 - Level 2.0 Fighting
 + Level 4.5 Axes
 - Level 0.8 Throwing
 - Level 0.7 Armour
 - Level 1.5 Dodging
 - Level 2.0 Spellcasting
 - Level 3.0 Translocations


You had 2 spell levels left.
You knew the following spells:

 Your Spells              Type           Power      Damage    Failure   Level
a - Blink                 Tloc           18%        N/A       14%         2
b - Teleport Other        Tloc           9%         N/A       28%         3

Your spell library contained the following spells:

 Spells                   Type           Power      Damage    Failure   Level
 Freeze                   Ice            4%         1d3       32%         1
 Slow                     Hex            4%         N/A       32%         1
 Wereblood                Tmut           1%         N/A       43%         2
 Gell's Gravitas          Tloc           9%         N/A       28%         3
 Lesser Beckoning         Tloc           9%         N/A       28%         3
 Confusing Touch          Hex            1%         N/A       67%         3
 Frozen Ramparts          Ice            2%         1d2       67%         3
 Vampiric Draining        Necr           1%         2d6       67%         3
 Manifold Assault         Tloc           9%         N/A       95%         5
 Hailstorm                Conj/Ice       1%         3d3       97%         4
 Fireball                 Conj/Fire      0%         3d3       100%        5
 Fire Storm               Conj/Fire      0%         6d1       100%        9


Dungeon Overview and Level Annotations

Branches:
Dungeon (4/15)
 Temple: D:4-7

Altars:
Dithmenos
Okawaru

Shops:
D:2 *


Innate Abilities, Weirdness & Mutations

Your serpentine skin is tough. (AC +1)
You have supernaturally acute eyesight. (SInv)
Armour fits poorly on your strangely shaped body.
Your system is resistant to poisons. (rPois)
You cover ground very slowly.
You can spit poison.
You have a snake-like lower body.


Message History

The orc misses you. x2
You closely miss the orc.
The orc is moderately wounded.
You hit the orc. The orc hits you with a +0 whip. The orc closely misses you.
Unknown command.
You hit the orc.
You kill the orc!
You barely miss the orc.
The orc wizard points at you and mumbles some strange words.
You are more confused.
The orc hits you but does no damage. The orc closely misses you.
Things that are here:
a +0 flail; 3 boomerangs Unknown command.
Okay, then.
The orc attacks as you move away! The orc hits you with a +0 whip.
* * * LOW HITPOINT WARNING * * *
Unknown command.
You bump into the rock wall.
Unknown command.
You bump into the rock wall.
Unknown command.
You hit the orc.
The orc is lightly wounded.
You barely miss the orc wizard.
The orc wizard hits you with a +0 dagger.
* * * LOW HITPOINT WARNING * * *
Unknown command.
You are too confused!
Unknown command.
The orc wizard hits you but does no damage.
The orc hits you but does no damage.
The orc wizard hits you with a +0 dagger.
* * * LOW HITPOINT WARNING * * *
You closely miss the orc wizard. You hit the orc. x2
The orc barely misses you.
The orc wizard points at you and mumbles some strange words.
The magic dart hits you.
You die...

P≈≈≈≈≈≈≈≈≈≈≈P.. #.#.....# #
≈≈≈≈ .≈≈≈.≈≈≈≈. #.#...... #.
#≈≈ #≈≈≈#≈≈≈# #######.# ≈≈≈
##.###.###.######.......
≈...#...#...#...#..##.......
...................##.......
...................##.......
.......)..o.........#...####
........).o@...)....:...#
....#...#.o.#...#..##...#
#≈. ##.###.###.########## #
#≈≈ #≈≈≈#≈≈≈#
≈≈≈≈≈.≈≈≈.≈≈≈..
#.#≈.≈≈≈≈≈≈≈≈≈≈≈#
##..#.≈≈≈≈≈≈≈≈≈≈# ##
##P........## #...#...#.


You could see an orc wizard and 2 orcs.

Vanquished Creatures
  3 adders
  A dart slug (D:3)
  3 worms
  2 orcs (D:4)
  5 bats
  5 endoplasms
  2 giant cockroaches (D:3)
  5 goblins
  8 hobgoblins
  A quokka (D:1)
  2 ball pythons
  2 frilled lizards (D:1)
  A kobold (D:2)
40 creatures vanquished.

Notes
Turn   | Place    | Note
-------+----------+-------------------------------------------
     0 | D:1      | Antichthon the Naga Warper began the quest for the Orb.
     0 | D:1      | Reached XP level 1. HP: 19/19 MP: 3/3
   364 | D:1      | Got the Handbook of Transmigration and Conjuration
   366 | D:1      | Reached XP level 2. HP: 15/26 MP: 5/5
  1167 | D:2      | Reached skill level 3 in Axes
  1506 | D:2      | Reached XP level 3. HP: 28/32 MP: 6/6
  1509 | D:2      | Learned a level 2 spell: Blink
  1513 | D:2      | Learned a level 3 spell: Teleport Other
  1892 | D:2      | Found Ykhlisu's Assorted Antiques.
  2107 | D:3      | Reached skill level 4 in Axes
  2344 | D:3      | Found a faded altar of an unknown god.
  2668 | D:3      | Found a shadowy altar of Dithmenos.
  2696 | D:3      | Reached XP level 4. HP: 22/39 MP: 7/7
  3517 | D:4      | Found an iron altar of Okawaru.
  3626 | D:4      | Killed from afar by an orc wizard

Illustrated notes

Levels and vault maps discovered:
D:1:      erik_arrival_cave_to_civilisation [erik_arrival_cave_to_hall],
          layout_loops_ring
D:2:      layout_basic, serial_shops, shop
D:3:      layout_basic, nicolae_dithmenos_shadow_blocks,
          hellmonk_ecumenical_altar_pennies_from_heaven, minivault_26
D:4:      wad_lake_hut, layout_basic, mainiacjoe_overflow_alcove_2,
          nicolae_overflow_crystal_walls, uniq_duvessa

Skill      XL: |  1  2  3 |
---------------+----------+-----
Axes           | 3 4 |  4.5
Fighting       | |  2.0
Throwing       | |  0.8
Armour         | |  0.7
Dodging        | |  1.5
Spellcasting   | |  2.0
Translocations | |  3.0

Action                   |  1- 3 |  4- 6 || total
-------------------------+-------+-------++-------
Melee: Hand axe          |    89 |    60 ||   149
       Punch             |     4 |     1 ||     5
 Abil: Spit Poison       |     5 |     3 ||     8
Armor: Leather armour    |    27 |    19 ||    46
Dodge: Dodged            |    48 |    39 ||    87

Table legend: (Time is in decaauts)
 A = Elapsed time spent in this place.
 B = Non-inter-level travel time spent in this place.
 C = Inter-level travel time spent in this place.
 D = Time resting spent in this place.
 E = Time spent auto-exploring this place.
 F = Levels seen in this place.
 G = Mean time per level.
                   A        B        C        D        E       F      G
               +--------+--------+--------+--------+--------+-----+--------+
         Total |   4441 |   4321 |    120 |      0 |   3810 |   4 | 1110.2 |
       Dungeon |   4441 |   4321 |    120 |      0 |   3810 |   4 | 1110.2 |
               +--------+--------+--------+--------+--------+-----+--------+

Top non-repeatable levels by time:
     D:3: 1627 daAuts
     D:1: 1425 daAuts
     D:2: 1166 daAuts
     D:4: 222 daAuts
